 Dungeon Crawl Stone Soup version 0.17.1-1-g73c8601 (webtiles) character file.

1184 Implojin the Cleaver (level 8, -1/96 HPs)
             Began as a Minotaur Berserker on Apr 9, 2016.
             Was a Priest of Trog.
             Slain by a giant frog (2 damage)
             ... on level 8 of the Dungeon.
             The game lasted 00:08:14 (1151 turns).

Implojin the Cleaver (Minotaur Berserker)           Turns: 1151, Time: 00:08:14

Health: -1/96      AC:  9    Str: 30    XL:     8   Next: 19%
Magic:  7/7        EV:  9    Int:  4    God:    Trog [***...]
Gold:   13         SH:  0    Dex:  9    Spells: 0 memorised, 7 levels left

rFire  . . .     SeeInvis .     u - +0 war axe
rCold  . . .     Clarity  .     x - +0 chain mail
rNeg   . . .     SustAt   .     (no shield)
rPois  .         Gourm    .     (helmet restricted)
rElec  .         Spirit   .     (no cloak)
rCorr  .         Warding  .     (no gloves)
rMut   .         Stasis   .     n - +0 pair of boots
MR     .....                    e - amulet of faith
Stlth  ..........               (no ring)
                                (no ring)

@: berserking, very quick, not resistant to hostile enchantments, extremely
unstealthy
A: retaliatory headbutt, horns 2
a: Berserk, Trog's Hand, Burn Spellbooks, Renounce Religion


You were on level 8 of the Dungeon.
You worshipped Trog.
Trog was most pleased with you.
You were not hungry.

You visited 1 branch of the dungeon, and saw 8 of its levels.

You collected 81 gold pieces.
You spent 68 gold pieces at shops.

Inventory:

Hand Weapons
 a - a +0 hand axe
 u - a +0 war axe (weapon)
Missiles
 q - 7 tomahawks of returning (quivered)
Armour
 b - a +0 animal skin
 n - a +0 pair of boots (worn)
 x - a +0 chain mail (worn)
Jewellery
 e - an amulet of faith (around neck)
 s - an uncursed amulet of resist corrosion {unknown}
 v - a cursed amulet of inaccuracy {unknown}
Wands
 y - a wand of cold (5)
Scrolls
 f - a scroll of teleportation
 g - a scroll of blinking
 i - a scroll of immolation {unknown}
 j - 3 scrolls of remove curse {unknown}
 l - 2 scrolls of magic mapping {unknown}
 p - a scroll of enchant weapon {unknown}
 r - a scroll of enchant armour {unknown}
 t - a scroll of identify
Potions
 d - a potion of ambrosia
 h - 2 potions of curing
 m - a potion of resistance
 o - 2 potions of agility
 z - a potion of cancellation {unknown}
Comestibles
 c - 3 bread rations
 k - a meat ration
 w - 2 chunks of flesh


   Skills:
 - Level 3.6 Fighting
 * Level 11.9 Axes
 - Level 2.4 Armour
 - Level 2.1 Dodging


You had 7 spell levels left.
You didn't know any spells.

Dungeon Overview and Level Annotations

Branches:
Dungeon (8/15)
 Temple: D:4-7         Lair: D:8-11

Altars:
Dithmenos
Elyvilon
Gozag
Qazlal

Shops:
D:5 *(*


Innate Abilities, Weirdness & Mutations

You reflexively headbutt those who attack you in melee.
You have a pair of horns on your head.


Message History

Things that are here:
a glowing robe; a dagger
Things that are here:
a giant club; an ogre corpse Drink which item? (? for menu, Esc to quit)
Okay, then.
Read which item? (? for menu, Esc to quit)
Okay, then.
Found 26 sling bullets.
You found a teleport trap!
Found 9 gold pieces.
A giant frog comes into view.
The giant frog gives a loud, deep croak!
The giant frog hits you.
* * * LOW HITPOINT WARNING * * *
A red film seems to cover your vision as you go berserk!
You feel yourself moving faster!
You feel mighty!
You feel somewhat more hungry. The giant frog closely misses you.
Unknown command.
Unknown command.
You slash the wight!
The wight is heavily damaged.
You slash the giant frog!
The giant frog is heavily wounded.
The giant frog hits you.
* * * LOW HITPOINT WARNING * * *
You barely miss the wight.
The wight is heavily damaged.
You closely miss the giant frog.
The giant frog is heavily wounded.
The giant frog hits you but does no damage.
The wight barely misses you. You furiously retaliate!
You headbutt the wight!
You destroy the wight!
You closely miss the giant frog. You headbutt the giant frog!
The giant frog is almost dead.
The giant frog hits you but does no damage.
You closely miss the giant frog.
The giant frog is almost dead.
The giant frog hits you.
You die...

#### #...#.
#...... ...
####....... ...
#.)........ ...(
##.#@F...... #...
#.z#........
#...##.#####...#.
#...#.# ..#
#.#$^.## ...
#.###..## #.
#.#.[...####
#.#..........
#<[).........


You could see a giant frog.

Vanquished Creatures
  Pikel (D:6)
  An orc warrior (D:6)
  2 ogres
  5 wights (D:8)
  A centaur zombie (D:7)
  A quasit (D:5)
  A jelly (D:7)
  A worker ant (D:5)
  2 orc wizards
  2 hound skeletons
  A worker ant zombie (D:5)
  2 adders (D:2)
  An adder skeleton (D:5)
  3 giant geckos
  8 orcs
  A bat (D:2)
  2 hobgoblins (D:2)
  2 ball pythons
  2 giant cockroaches
  3 giant newts
  5 goblins
  3 kobolds
  A rat (D:3)
51 creatures vanquished.

Notes
Turn   | Place    | Note
--------------------------------------------------------------
     0 | D:1      | Implojin the Minotaur Berserker began the quest for the Orb.
     0 | D:1      | Reached XP level 1. HP: 19/19 MP: 0/0
   109 | D:2      | Reached skill level 4 in Axes
   127 | D:2      | Reached XP level 2. HP: 12/26 MP: 1/1
   133 | D:2      | Found a white marble altar of Elyvilon.
   149 | D:2      | Reached skill level 5 in Axes
   216 | D:2      | Reached XP level 3. HP: 20/31 MP: 2/2
   256 | D:3      | Reached ** piety under Trog
   278 | D:3      | Found an opulent altar of Gozag.
   381 | D:5      | Entered Level 5 of the Dungeon
   391 | D:5      | Noticed an ogre
   398 | D:5      | Killed an ogre
   398 | D:5      | Reached skill level 6 in Axes
   398 | D:5      | Reached XP level 4. HP: 39/39 MP: 3/3
   578 | D:5      | Found a stormy altar of Qazlal.
   656 | D:5      | Found Waittoru's General Store.
   661 | D:5      | Reached XP level 5. HP: 45/45 MP: 4/4
   666 | D:5      | Bought a scroll of teleportation for 30 gold pieces
   671 | D:5      | Found Cohadgh's Weapon Shoppe.
   696 | D:5      | Reached skill level 7 in Axes
   739 | D:5      | Found Roaczaos's Assorted Antiques.
   798 | D:5      | Bought a +0 war axe for 38 gold pieces
   900 | D:6      | Noticed an orc warrior
   912 | D:6      | Killed an orc warrior
   912 | D:6      | Reached skill level 8 in Axes
   912 | D:6      | Reached XP level 6. HP: 39/51 MP: 5/5
   993 | D:6      | Noticed Pikel
   994 | D:6      | Noticed a slave
  1001 | D:6      | Noticed a slave
  1001 | D:6      | Noticed a slave
  1001 | D:6      | Noticed a slave
  1005 | D:6      | Killed Pikel
  1005 | D:6      | Reached skill level 10 in Axes
  1005 | D:6      | Reached XP level 7. HP: 38/57 MP: 6/6
  1045 | D:7      | Found a shadowy altar of Dithmenos.
  1058 | D:8      | Reached skill level 11 in Axes
  1061 | D:8      | Reached XP level 8. HP: 46/64 MP: 7/7
  1130 | D:7      | Reached *** piety under Trog
  1146 | D:8      | HP: 2/64 [giant frog (4)]
  1151 | D:8      | Slain by a giant frog

Action                   |  1- 3 |  4- 6 |  7- 9 || total
-------------------------+-------+-------+-------++-------
Melee: Hand axe          |    36 |    29 |       ||    65
       War axe           |       |    28 |    23 ||    51
Invok: Berserk           |     1 |     2 |     2 ||     5
       Burn Spellbooks   |       |       |     1 ||     1
  Use: Scroll            |       |     5 |       ||     5
  Eat: Chunk             |       |     3 |     2 ||     5

Table legend:
 A = Turns spent in this place as a percentage of turns spent in the entire game.
 B = Non-inter-level travel turns spent in this place as a percentage of non-inter-level travel turns spent in the entire game.
 C = Inter-level travel turns spent in this place as a percentage of turns spent in this place.
 D = Turns resting spent in this place as a percentage of non-inter-level travel turns spent in this place.
 E = Turns spent auto-exploring this place as a percentage of non-inter-level travel turns spent in this place.
 F = Non-inter-level travel turns spent in this place divided by the number of levels of this place that you've seen.
                   A       B       C       D       E      F
               +-------+-------+-------+-------+-------+----------------------
         Total | 100.0 | 100.0 |   0.0 |   0.0 |   0.0 | 140.1
       Dungeon | 100.0 | 100.0 |   0.0 |   0.0 |   0.0 | 140.1
               +-------+-------+-------+-------+-------+----------------------

Table legend:
 A = Kills in this place as a percentage of kills in entire the game.
 B = Kills by you in this place as a percentage of kills by you in the entire game.
 C = Kills by friends in this place as a percentage of kills by friends in the entire game.
 D = Other kills in this place as a percentage of other kills in the entire game.
 E = Experience gained in this place as a percentage of experience gained in the entire game.
 F = Experience gained in this place divided by the number of levels of this place that you have seen.
                   A       B       C       D       E      F
               +-------+-------+-------+-------+-------+----------------------
         Total | 100.0 | 100.0 |  -nan |  -nan | 100.0 | 211.5
       Dungeon | 100.0 | 100.0 |  -nan |  -nan | 100.0 | 211.5
               +-------+-------+-------+-------+-------+----------------------
